 Dungeon Crawl Stone Soup version 0.20.0-10-g0535bb4 (webtiles) character file.

14509 MTVSty1e the Severer (level 12, -6/113 HPs)
             Began as a Hill Orc Fighter on June 4, 2017.
             Was a Believer of Makhleb.
             Mangled by a skeletal warrior
             ... wielding a +0 hand axe
              (10 damage)
             ... on level 11 of the Dungeon.
             The game lasted 00:20:39 (9321 turns).

MTVSty1e the Severer (Hill Orc Fighter)             Turns: 9321, Time: 00:20:40

Health: -6/113     AC: 15    Str: 29    XL:     12   Next: 17%
Magic:  13/13      EV: 11    Int:  8    God:    Makhleb [**....]
Gold:   714        SH:  0    Dex: 10    Spells: 11/11 levels left

rFire    + . .     SeeInvis .   v - +6 battleaxe
rCold    . . .     Gourm    .   (shield currently unavailable)
rNeg     . . .     Faith    .   n - +4 scale mail of the Original Sin {rF+}
rPois    +         Spirit   .   F - +2 hat {MR+}
rElec    .         Reflect  .   (no cloak)
rCorr    .         Harm     .   (no gloves)
MR       +....                  (no boots)
Stlth    ..........             (no amulet)
Regen    0.3/turn               i - +5 ring of protection
MPRegen  0.2/turn               p - ring of poison resistance

@: mighty
A: deformed body, mutation resistance 2
a: Minor Destruction, Renounce Religion


You were on level 11 of the Dungeon.
You worshipped Makhleb.
Makhleb was pleased with you.
You were not hungry.

You visited 2 branches of the dungeon, and saw 12 of its levels.

You collected 847 gold pieces.
You spent 133 gold pieces at shops.

Inventory:

Hand Weapons
 a - a +0 war axe
 v - a +6 battleaxe (weapon)
 w - a +1 war axe of flaming
Armour
 n - the +4 scale mail of the Original Sin (worn) {rF+}
   (You found it on level 10 of the Dungeon)

   It protects you from fire.
 z - the +0 ring mail "Xygemill" {Regen+}
   (You found it on level 4 of the Dungeon)

   It increases your rate of regeneration.
 B - the +4 ring mail "Vuamnou" {rF+ Dex+6}
   (You found it on level 5 of the Dungeon)

   It affects your dexterity (+6).
   It protects you from fire.
 E - the cursed +0 plate armour of Liberty {*Contam Regen+ Dex+6}
   (You found it on level 9 of the Dungeon)

   It affects your dexterity (+6).
   It causes magical contamination when unequipped.
   It increases your rate of regeneration.
   It has a curse placed upon it.
 F - a +2 hat of magic resistance (worn)
Jewellery
 i - a +5 ring of protection (left hand)
 p - a ring of poison resistance (right hand)
Wands
 r - a wand of disintegration (22/24)
 L - a wand of lightning (2/15)
Scrolls
 e - 2 scrolls of amnesia
 g - 4 scrolls of teleportation
 l - 3 scrolls of magic mapping
 q - 6 scrolls of remove curse
Potions
 b - a potion of resistance {unknown}
 d - 2 potions of might
 j - 2 potions of haste
 k - 2 potions of magic {unknown}
 m - 6 potions of curing
 o - a potion of berserk rage {unknown}
 s - 2 potions of mutation {unknown}
 t - 3 potions of agility {unknown}
 A - a potion of brilliance {unknown}
 D - 2 potions of heal wounds {unknown}
 H - a potion of degeneration {unknown}
Books
 c - a book of Enchantments

   Spells                             Type                      Level
   a - Cause Fear                     Hexes                        4
   b - Yara's Violent Unravelling     Hexes/Transmutation          5
   c - Silence                        Hexes/Air                    5
   d - Deflect Missiles               Charms/Air                   6
   e - Discord                        Hexes                        8
Comestibles
 f - 9 bread rations
 x - 4 meat rations
 G - 4 fruits
 I - 10 royal jellies


   Skills:
 + Level 12.6 Fighting
 * Level 18.1 Axes
 * Level 6.0 Armour
 + Level 2.6 Dodging
   Level 3.2 Shields
 + Level 2.6 Evocations


You had 11 spell levels left.
You didn't know any spells.

Dungeon Overview and Level Annotations

Branches:
Dungeon (11/15)            Temple (1/1) D:7            Lair (0/6) D:10
    Orc: D:9-12

Altars:
Ashenzari
Cheibriados
Dithmenos
Elyvilon
Fedhas
Gozag
Hepliaklqana
Kikubaaqudgha
Makhleb
Nemelex Xobeh
Okawaru
Qazlal
Ru
Sif Muna
Trog
Uskayaw
Vehumet
Xom
Yredelemnul
Zin
The Shining One

Shops:
D:4 %[*(   D:5 %   D:7 %   D:10 (


Innate Abilities, Weirdness & Mutations

Armour fits poorly on your strangely shaped body.
You are somewhat resistant to both further mutation and mutation removal.


Message History

The skeletal warrior is almost destroyed.
You dice the ogre like an onion!!!
You kill the ogre!
Makhleb accepts your kill.
You hit the skeletal warrior.
The skeletal warrior hits you with a hand axe!
* * * LOW HITPOINT WARNING * * *
The skeletal warrior hits you but does no damage.
As you read the scroll labeled EZANIE OG HUINK, it crumbles to dust.
The scroll dissolves into smoke.
It was a scroll of fog.
The skeletal warrior hits you with a hand axe.
* * * LOW HITPOINT WARNING * * *
The skeletal warrior hits you but does no damage.
The skeletal warrior hits you with a long sword!
* * * LOW HITPOINT WARNING * * *
As you read the scroll labeled ROLEP AXKAIZE, it crumbles to dust.
It is a scroll of enchant armour.
Your +1 hat of magic resistance glows green for a moment.
The skeletal warrior hits you with a hand axe!
You die...

.......# + #....#....#.....##
.......# ..##....#....#.)....#
...<...# ........'....#......#
.......# .##....#....'......#
.......# #....#....#.....##
.......# #....#....#.....##
#####'#########§§§.#....#......#
#......#.......§§§§#....#.....###
#......#.....##§@z.#....#.....##.
#.....##.....####z##....####+###.
#.....##.....# z§#....+........
#.....##.....# ..#....#........
#............# ..#....#.....##.
########.....# ..#....#.....##.
#.....##.....#######....+........
#.....##.....##....#....#........
#..........>.#.....#....#.....##.


You could see 3 skeletal warriors.

Vanquished Creatures
  Gastronok (D:9)
  2 two-headed ogres (D:9)
  A skeletal warrior (D:11)
  Pikel (D:8)
  An ugly thing (D:11)
  Joseph (D:8)
  2 gargoyles
  2 trolls (D:10)
  A hippogriff (D:11)
  A wraith (D:10)
  A wyvern (D:8)
  14 yaks
  A vampire (D:10)
  A hungry ghost (D:9)
  2 hell hounds (D:10)
  2 ice beasts
  5 orc warriors
  4 sky beasts
  4 slaves (D:8)
  6 ogres
  An eye of draining (D:5)
  3 centaurs
  A big kobold (D:9)
  4 bullfrogs
  9 killer bees
  4 scorpions
  17 wights
  3 centaur zombies
  8 howler monkeys
  2 crimson imps
  5 hounds
  6 jellies
  2 orc priests
  7 orc wizards
  2 bullfrog skeletons
  A gnoll shaman (D:4)
  A centaur skeleton (D:5)
  3 iguanas
  6 worker ants
  2 hound skeletons
  A howler monkey zombie (D:7)
  9 gnolls
  16 adders
  3 shadow imps
  5 oozes (D:9)
  A worm (D:6)
  2 dart slugs (D:3)
  6 leopard geckos
  52 orcs
  A ball python (D:1)
  3 giant cockroaches
  7 goblins
  8 hobgoblins
  15 jackals
  2 quokkas
  4 bats
  7 frilled lizards
  15 kobolds
  6 rats
303 creatures vanquished.

Notes
Turn   | Place    | Note
-------+----------+-------------------------------------------
     0 | D:1      | MTVSty1e the Hill Orc Fighter began the quest for the Orb.
     0 | D:1      | Reached XP level 1. HP: 19/19 MP: 1/1
   147 | D:1      | Reached skill level 3 in Axes
   211 | D:1      | Reached XP level 2. HP: 26/27 MP: 2/2
   768 | D:2      | Reached skill level 4 in Axes
   783 | D:2      | Reached XP level 3. HP: 30/33 MP: 3/3
   816 | D:2      | Found a faded altar of an unknown god.
  1362 | D:3      | Reached skill level 5 in Axes
  1362 | D:3      | Reached XP level 4. HP: 23/41 MP: 4/4
  1516 | D:3      | Reached XP level 5. HP: 47/47 MP: 5/5
  1702 | D:3      | Reached skill level 6 in Axes
  1730 | D:3      | Reached skill level 5 in Fighting
  1916 | D:3      | Reached XP level 6. HP: 56/56 MP: 6/6
  2227 | D:4      | Reached skill level 7 in Axes
  2229 | D:4      | Found Cumo's Weapon Shop.
  2235 | D:4      | Bought a +1 war axe of flaming for 133 gold pieces
  2329 | D:4      | Found Tacyts's Armour Shop.
  2375 | D:4      | Found Fuces's Assorted Antiques.
  2496 | D:4      | Got a bloodstained ring mail
  2507 | D:4      | Identified the cursed +0 ring mail "Xygemill" {Regen+} (You found it on level 4 of the Dungeon)
  2687 | D:4      | Reached skill level 8 in Axes
  2687 | D:4      | Reached XP level 7. HP: 37/63 MP: 7/7
  3004 | D:4      | Found Pukloum's Food Shop.
  3150 | D:5      | Entered Level 5 of the Dungeon
  3160 | D:5      | Found a stormy altar of Qazlal.
  3164 | D:5      | Found Dythimen's Food Emporium.
  3206 | D:5      | Got a spiked ring mail
  3236 | D:5      | Identified the +4 ring mail "Vuamnou" {rF+ Dex+6} (You found it on level 5 of the Dungeon)
  3313 | D:5      | Reached skill level 9 in Axes
  3319 | D:5      | Found a bloodstained altar of Trog.
  3401 | D:5      | Found a hazy altar of Hepliaklqana.
  3414 | D:5      | Reached XP level 8. HP: 73/73 MP: 8/8
  3685 | D:6      | Reached skill level 10 in Axes
  4026 | D:6      | Reached skill level 11 in Axes
  4731 | D:7      | Reached XP level 9. HP: 82/82 MP: 9/9
  4801 | D:7      | Reached skill level 12 in Axes
  4936 | D:7      | Found Quufixko's Food Shoppe.
  4966 | D:7      | Found a staircase to the Ecumenical Temple.
  4981 | Temple   | Entered the Ecumenical Temple
  5551 | D:8      | Noticed Pikel
  5569 | D:8      | Killed Pikel
  5569 | D:8      | Reached skill level 13 in Axes
  5897 | D:8      | Noticed Joseph
  5913 | D:8      | Killed Joseph
  5913 | D:8      | Reached skill level 10 in Fighting
  5913 | D:8      | Reached skill level 14 in Axes
  5913 | D:8      | Reached XP level 10. HP: 86/93 MP: 10/10
  6842 | D:9      | Got an ancient plate armour
  6843 | D:9      | Identified the cursed +0 plate armour of Liberty {*Contam Regen+ Dex+6} (You found it on level 9 of the Dungeon)
  6918 | D:9      | Reached skill level 15 in Axes
  6990 | D:9      | Noticed a two-headed ogre
  6995 | D:9      | Killed a two-headed ogre
  7010 | D:9      | Noticed a gargoyle
  7014 | D:9      | Killed a gargoyle
  7045 | D:9      | Reached skill level 16 in Axes
  7314 | D:9      | Found a hazy altar of Hepliaklqana.
  7344 | D:9      | Found a burning altar of Makhleb.
  7349 | D:9      | Found a glowing silver altar of Zin.
  7349 | D:9      | Noticed a two-headed ogre
  7350 | D:9      | Noticed an angel
  7350 | D:9      | Noticed a green death
  7354 | D:9      | Killed a two-headed ogre
  7354 | D:9      | Reached XP level 11. HP: 75/104 MP: 11/11
  7359 | D:9      | Became a worshipper of Makhleb the Destroyer
  7564 | D:9      | Noticed Gastronok
  7582 | D:9      | Killed Gastronok
  7582 | D:9      | Reached skill level 17 in Axes
  7969 | D:10     | Entered Level 10 of the Dungeon
  8043 | D:10     | Got a dazzling scale mail
  8054 | D:10     | Identified the +4 scale mail of the Original Sin {rF+} (You found it on level 10 of the Dungeon)
  8208 | D:10     | Reached skill level 1 in Dodging
  8237 | D:10     | Reached * piety under Makhleb
  8251 | D:10     | Found a staircase to the Lair.
  8267 | D:10     | Gained mutation: Armour fits poorly on your strangely shaped body. [mutagenic meat]
  8268 | D:10     | Gained mutation: You are somewhat resistant to further mutation. [mutagenic meat]
  8275 | D:10     | Found Natsuept's Antique Weapon Shoppe.
  8723 | D:10     | Reached skill level 1 in Evocations
  8838 | D:11     | Reached skill level 5 in Armour
  8878 | D:11     | Reached ** piety under Makhleb
  8957 | D:11     | Noticed a green ugly thing
  8965 | D:11     | Killed a green ugly thing
  8965 | D:11     | Reached skill level 18 in Axes
  8965 | D:11     | Reached XP level 12. HP: 113/113 MP: 13/13
  9056 | D:11     | Gained mutation: You are somewhat resistant to both further mutation and mutation removal. [mutagenic meat]
  9320 | D:11     | HP: 4/113 [skeletal warrior/long sword[a skeletal warrior] (10)]
  9321 | D:11     | Mangled by a skeletal warrior

Skill      XL: |  1  2  3  4  5  6  7  8  9 10 11 12 |
---------------+-------------------------------------+-----
Axes           | 3 4 5 6 8 9 11 14 16 18 | 18.1
Fighting       | 4 5 6 7 8 10 11 12 | 12.6
Dodging        | 2 |  2.6
Armour         | 5 6 |  6.0
Evocations     | 2 |  2.6
Shields        | |  3.2

Action                   |  1- 3 |  4- 6 |  7- 9 | 10-12 || total
-------------------------+-------+-------+-------+-------++-------
Melee: War axe           |   124 |   196 |   237 |   166 ||   723
       Battleaxe         |       |       |       |   216 ||   216
  Use: Scroll            |       |       |     9 |    10 ||    19
       Potion            |       |       |       |     1 ||     1
  Eat: Chunk             |     1 |     2 |       |    13 ||    16
       Meat ration       |       |     1 |     1 |     1 ||     3
       Fruit             |       |       |     1 |     2 ||     3
       Royal jelly       |       |       |     1 |     1 ||     2
Armor: Scale mail        |    60 |    95 |       |    86 ||   241
       Ring mail         |       |     1 |    83 |    58 ||   142
Dodge: Dodged            |    46 |    50 |    65 |   119 ||   280
Block: Shield            |    67 |    99 |    85 |    69 ||   320
